 Dungeon Crawl Stone Soup version 0.30.0-30-g96aa6591b8 (webtiles) character file.

Game seed: 11336148343761294911

536 shaculford the Chopper (level 7, -1/62 HPs)
             Began as a Minotaur Berserker on June 29, 2023.
             Was an Elder of Trog.
             Slain by an ogre
             ... wielding a +0 giant club
              (15 damage)
             ... on level 5 of the Dungeon.
             The game lasted 00:31:16 (4021 turns).

shaculford the Chopper (Minotaur Berserker)         Turns: 4021, Time: 00:31:17

Health: -1/62      AC: 11    Str: 29    XL:     7   Next: 4%
Magic:  6/6        EV: 17    Int:  4    God:    Trog [****..]
Gold:   207        SH:  0    Dex: 10    Spells: 6/6 levels left

rFire   + . .        a - +0 hand axe
rCold   . . .        (no shield)
rNeg    . . .        q - +3 ring mail "Onits" {Will- Str+6}
rPois   .            (helmet restricted)
rElec   .            (no cloak)
rCorr   .            (no gloves)
SInv    .            A - +1 pair of boots
Will    .....        o - amulet of faith Stlth
                     z - ring of protection from fire
HPRegen 0.30/turn    l - +5 ring of evasion
MPRegen 0.10/turn

%: faith
@: no status effects
A: horns 2, retaliatory headbutt
a: Renounce Religion, Berserk, Trog's Hand, Brothers in Arms


You were on level 5 of the Dungeon.
You worshipped Trog.
Trog was greatly pleased with you.
You visited 2 branches of the dungeon, and saw 6 of its levels.

You collected 207 gold pieces.

Inventory:

Hand Weapons
 a - a +0 hand axe (weapon)
 p - a +1 antimagic halberd
Missiles
 r - a throwing net (quivered)
Armour
 b - a +0 animal skin
 j - a +0 leather armour
 q - the +3 ring mail "Onits" (worn) {Will- Str+6}
   (You found it on level 2 of the Dungeon)

   Str:       It affects your strength (+6).
   Will:      It decreases your willpower.
 u - a +0 pair of boots
 A - a +1 pair of boots (worn)
Jewellery
 g - a ring of positive energy
 l - a +5 ring of evasion (right hand)
 o - an amulet of faith (around neck)
 z - a ring of protection from fire (left hand)
Wands
 B - a wand of charming (7)
Scrolls
 c - a scroll of magic mapping {unknown}
 d - 3 scrolls of identify {unknown}
 k - a scroll of vulnerability {unknown}
 m - 2 scrolls of fog {unknown}
 v - a scroll of torment {unknown}
 y - 2 scrolls of teleportation {unknown}
 C - a scroll of enchant weapon {unknown}
 D - a scroll of immolation {unknown}
Potions
 e - a potion of lignification {unknown}
 f - a potion of flight {unknown}
 h - 3 potions of degeneration {unknown}
 i - 3 potions of heal wounds {unknown}
 n - 3 potions of curing {unknown}
 s - 3 potions of cancellation {unknown}
 t - 2 potions of mutation {unknown}
 w - a potion of resistance {unknown}
 x - a potion of brilliance {unknown}


   Skills:
 + Level 5.7 Fighting
 + Level 5.8 Axes
 + Level 5.0 Armour
 + Level 4.5 Dodging


You had 6 spell levels left.
You didn't know any spells.
Your spell library was empty.

Dungeon Overview and Level Annotations

Branches:
Dungeon (5/15)             Temple (1/1) D:4

Altars:
Cheibriados
Elyvilon
Fedhas
Makhleb
Nemelex Xobeh
Okawaru
Ru
Trog
Uskayaw
Vehumet
Zin
The Shining One

Annotations:
D:5 Dowan, Duvessa


Innate Abilities, Weirdness & Mutations

You have a pair of horns on your head.
You reflexively headbutt those who attack you in melee.


Message History

The orc closely misses you. Duvessa hits you with a +0 short sword.
You barely miss Duvessa.
Duvessa is moderately wounded.
You closely miss the orc. You hit the orc. The orc barely misses you.
The orc hits you with a +0 whip. Duvessa hits you but does no damage.
You closely miss Duvessa. You headbutt Duvessa, but do no damage.
Duvessa is moderately wounded.
You hit the orc.
You kill the orc!
Trog accepts your kill.
You closely miss the orc. Duvessa misses you.
The orc hits you with a +0 dagger.
You barely miss Duvessa. Your headbutt misses Duvessa.
Duvessa is moderately wounded.
You hit the ogre. You hit the orc.
Dowan, Brother of Duvessa comes into view.
He is wielding a +0 dagger.
The ogre hits you with a +0 giant club! The orc hits you with a +0 dagger.
Duvessa hits you but does no damage.
You hit Duvessa.
Duvessa is heavily wounded.
You slash the ogre! You closely miss the orc. The orc closely misses you.
You furiously retaliate!
You headbutt the orc!
You kill the orc!
Trog accepts your kill. Duvessa misses you.
Dowan casts a spell.
Dowan blinks!
You slash Duvessa! You headbutt Duvessa, but do no damage.
Duvessa is severely wounded.
You slash the ogre! The ogre hits you with a +0 giant club!
* * * LOW HITPOINT WARNING * * *
Duvessa hits you with a +0 short sword.
* * * LOW HITPOINT WARNING * * *
Dowan gestures at you while chanting. The puff of flame hits you. You resist.
* * * LOW HITPOINT WARNING * * *
You hit Duvessa.
Duvessa is almost dead.
You hit the ogre. The ogre hits you with a +0 giant club!
You die...

.... .... ......#....
.........# ..... ..#
. #. #..# ..###.. ...
##..##o...... $..##
##....O)...... .....
##.....@e......
......#.....$..###...
##....#........#
#..........)...ยง...
.)..#.<....>..#....
... #...e..####..).
#.......# ...
#......... ...
#......###..


You could see Duvessa, an ogre, Dowan and an orc.

Vanquished Creatures
  An ogre (D:4)
  2 hounds (D:4)
  2 orc priests (D:3)
  3 orc wizards (D:3)
  An iguana (D:3)
  Robin (D:2)
  6 gnolls
  7 adders
  2 dart slugs
  12 orcs
  8 endoplasms
  4 giant cockroaches
  12 goblins
  12 hobgoblins
  3 jackals (D:4)
  7 kobolds
  A quokka (D:4)
  5 ball pythons
  4 bats
  A frilled lizard (D:2)
  2 rats (D:1)
96 creatures vanquished.

Notes
Turn   | Place    | Note
-------+----------+-------------------------------------------
     0 | D:1      | shaculford the Minotaur Berserker began the quest for the
                  | Orb.
     0 | D:1      | Reached XP level 1. HP: 19/19 MP: 0/0
   535 | D:1      | Reached XP level 2. HP: 27/27 MP: 1/1
  1090 | D:2      | Reached XP level 3. HP: 33/33 MP: 2/2
  1097 | D:2      | Identified the +3 ring mail "Onits" {Will- Str+6}
  1174 | D:2      | Reached XP level 4. HP: 24/41 MP: 3/3
  1181 | D:2      | Reached ** piety under Trog
  1369 | D:2      | Identified the +0 helmet of Filth {Str+2 Dex+3}
  1369 | D:2      | Noticed Robin
  1394 | D:2      | Killed Robin
  1902 | D:3      | Reached XP level 5. HP: 41/47 MP: 4/4
  1933 | D:3      | Reached *** piety under Trog
  1934 | D:3      | Reached skill level 5 in Axes
  2062 | D:3      | Found a faded altar of an unknown god.
  2149 | D:3      | Reached skill level 5 in Fighting
  2188 | D:3      | Reached XP level 6. HP: 47/56 MP: 5/5
  2195 | D:3      | Found a glowing silver altar of Zin.
  3135 | D:4      | Found a sparkling altar of Nemelex Xobeh.
  3150 | D:4      | Found an iron altar of Okawaru.
  3358 | D:4      | Reached **** piety under Trog
  3630 | D:4      | Found a staircase to the Ecumenical Temple.
  3640 | Temple   | Entered the Ecumenical Temple
  3847 | D:4      | Reached skill level 5 in Armour
  3847 | D:4      | Reached XP level 7. HP: 62/62 MP: 6/6
  4000 | D:5      | Entered Level 5 of the Dungeon
  4007 | D:5      | Noticed Duvessa
  4018 | D:5      | Noticed Dowan
  4021 | D:5      | Slain by an ogre

Illustrated notes

Levels and vault maps discovered:
D:1:      tekkud_arrival_beachfront_property, layout_basic
D:2:      layout_loops_ring, minmay_fractal_squares_5, uniq_robin
D:3:      layout_basic, mainiacjoe_overflow_brackets,
          ebering_ecumenical_altar_box
D:4:      layout_gridville, mainiacjoe_overflow_boulevard,
          hellmonk_okawaru_the_only_friend_you_need,
          minmay_temple_entry_poolview
D:5:      layout_cave_pools, led_sif_pool, mainiacjoe_overflow_surrounded_room,
          uniq_duvessa, uniq_grinder
Temple:   hellmonk_temple_forest_ring

Skill      XL: |  1  2  3  4  5  6 |
---------------+-------------------+-----
Fighting       | 4 5 |  5.7
Axes           | 4 5 |  5.8
Armour         | 3 4 5 |  5.0
Dodging        | 3 4 |  4.5

Action                     |  1- 3 |  4- 6 |  7- 9 || total
---------------------------+-------+-------+-------++-------
  Melee: Hand axe          |    45 |   149 |    15 ||   209
         Headbutt          |     3 |    15 |     4 ||    22
         Punch             |       |     3 |       ||     3
 Armour: Leather armour    |     6 |       |       ||     6
         Animal skin       |     4 |       |       ||     4
         Ring mail         |     2 |    57 |     4 ||    63
  Dodge: Dodged            |    33 |   136 |    15 ||   184
